 Dungeon Crawl Stone Soup version 0.29-a0-397-g846e4a0bbc (webtiles) character file.

Game seed: 16099931081607628457

98 Hubjo the Magician (level 4, 0/39 HPs)
             Began as a Deep Elf Fire Elementalist on May 11, 2022.
             Was a Follower of the Shining One.
             Slain by a goblin
             ... wielding a +0 club
              (2 damage)
             ... on level 3 of the Dungeon.
             The game lasted 00:04:16 (3182 turns).

Hubjo the Magician (Deep Elf Fire Elementalist)     Turns: 3182, Time: 00:04:16

Health: 0/39       AC:  3    Str:  5    XL:     4   Next: 44%
Magic:  8/11       EV: 12    Int: 22    God:    the Shining One [*.....]
Gold:   168        SH:  6    Dex: 15    Spells: 9/10 levels left

rFire   . . .      SeeInvis .   (no weapon)
rCold   . . .      Faith    .   (no shield)
rNeg    . . .      Spirit   .   a - +1 robe
rPois   .          Reflect  .   (no helmet)
rElec   .          Harm     .   (no cloak)
rCorr   .          Rampage  .   (no gloves)
Will    .....                   (no boots)
Stlth   ..........              l - amulet of magic regeneration
HPRegen 0.13/turn               (no ring)
MPRegen 0.52/turn               (no ring)

@: berserking, divinely shielded, glowing, very quick
A: no striking features
a: Renounce Religion, Divine Shield


You were on level 3 of the Dungeon.
You worshipped the Shining One.
The Shining One was aware of your devotion.
You visited 1 branch of the dungeon, and saw 3 of its levels.

You collected 168 gold pieces.

Inventory:

Armour
 a - a +1 robe (worn)
Jewellery
 l - an amulet of magic regeneration (around neck)
 q - an amulet of faith
Scrolls
 c - a scroll of enchant armour
 e - 2 scrolls of identify
 f - a scroll of fear {unknown}
 g - a scroll of blinking {unknown}
 h - a scroll of immolation {unknown}
 j - a scroll of silence {unknown}
 k - a scroll of teleportation {unknown}
 p - a scroll of magic mapping
Potions
 b - 2 potions of magic
 d - a potion of flight {unknown}
 i - a potion of lignification
 m - 3 potions of mutation
 n - 4 potions of curing


   Skills:
 * Level 2.0 Fighting
 - Level 2.4 Dodging
 + Level 3.5 Stealth
 + Level 3.9 Spellcasting
 - Level 1.1 Conjurations
 + Level 3.8 Fire Magic


You had 9 spell levels left.
You knew the following spells:

 Your Spells              Type           Power      Damage    Failure   Level
a - Foxfire               Conj/Fire      60%        2x1d7     4%          1

Your spell library contained the following spells:

 Spells                   Type           Power      Damage    Failure   Level
 Scorch                   Fire           42%        2d7       3%          2
 Conjure Flame            Conj/Fire      15%        6-21      12%         3
 Inner Flame              Hex/Fire       12%        N/A       16%         3
 Blink                    Tloc           8%         N/A       17%         2
 Flame Wave               Conj/Fire      15%        2d6       38%         4
 Manifold Assault         Tloc           4%         N/A       97%         5
 Storm Form               Tmut/Air       2%         N/A       100%        7


Dungeon Overview and Level Annotations

Branches:
Dungeon (3/15)

Altars:
Makhleb
The Shining One


Message History

You kill the hobgoblin!
The goblin hits you with a +0 club. x2
You conjure some foxfire!
The foxfire hits the goblin.
The goblin is heavily wounded.
The foxfire hits the goblin.
The goblin is heavily wounded.
The goblin hits you with a +0 club. The goblin closely misses you.
The goblin hits you with a +0 club.
You are too injured to fight recklessly!
A divine shield forms around you!
The foxfire hits the goblin.
You kill the goblin!
The goblin hits you but does no damage. The goblin closely misses you.
The goblin attacks as you move away! The goblin barely misses you.
The goblin attacks as you move away! You block the goblin's attack.
The goblin hits you with a +0 club. The goblin attacks as you move away!
The goblin hits you with a +0 club.
* * * LOW HITPOINT WARNING * * *
You are too injured to fight recklessly!
There are monsters nearby!
As you read the scroll labelled ZIDEOFFUNAU, it crumbles to dust.
It is a scroll of identify.
m - 3 potions of mutation The goblin hits you with a +0 club.
* * * LOW HITPOINT WARNING * * *
As you read the scroll labelled KURGHETSE YSINYON, it crumbles to dust.
It is a scroll of enchant armour.
Your +0 robe glows green for a moment.
You block the goblin's attack. The goblin hits you with a +0 club.
* * * LOW HITPOINT WARNING * * *
The goblin hits you with a +0 club.
* * * LOW HITPOINT WARNING * * *
As you read the scroll labelled VIH ULETZASH, it crumbles to dust.
You feel aware of your surroundings.
It was a scroll of magic mapping.
The goblin closely misses you. The goblin misses you.
You block the goblin's attack.
It was a potion of berserk rage.
A red film seems to cover your vision as you go berserk!
You feel yourself moving faster!
You feel mighty! The goblin hits you with a +0 club.
You die...

...........#
..####.###.#
..####.# #.#
#......###.######
#########.......#
##### #.#####.##
....# #.# #..#
....# #.# ##.#
....# #.#
#g@########*
....# #.#
#gg8.8.8.8.*
....# #.#
#..........*
....# #.#
#..)......!*
....# #.#
#..........*
.#### *,*
#.........$*
....# *,*
#..........*
###.# *,*
#..8.8.8.8.#####
...<# *,*
############...#


You could see 3 goblins.

Vanquished Creatures
  Robin (D:3)
  2 adders (D:2)
  5 ball pythons
  6 endoplasms
  A giant cockroach (D:3)
  18 goblins
  9 hobgoblins
  2 jackals (D:2)
  7 kobolds
  2 quokkas (D:1)
  5 bats
  A frilled lizard (D:2)
  4 rats
63 creatures vanquished.

Vanquished Creatures (others)
  295 foxfires
295 creatures vanquished.

Grand Total: 358 creatures vanquished

Notes
Turn   | Place    | Note
-------+----------+-------------------------------------------
     0 | D:1      | Hubjo the Deep Elf Fire Elementalist began the quest for
                  | the Orb.
     0 | D:1      | Reached XP level 1. HP: 10/10 MP: 6/6
   489 | D:1      | Found a faded altar of an unknown god.
   557 | D:1      | Prayed at the altar of an unknown god.
   557 | D:1      | Became a worshipper of the Shining One
   557 | D:1      | Reached * piety under the Shining One
   942 | D:1      | Reached XP level 2. HP: 15/16 MP: 5/8
  1192 | D:1      | You fall into a shaft and drop 1 floor!
  1196 | D:2      | Reached skill level 1 in Fighting
  1297 | D:2      | HP: 1/24 [poisoned by an adder]
  1298 | D:2      | Reached XP level 3. HP: 2/20 MP: 2/9
  2051 | D:2      | Found a burning altar of Makhleb.
  2524 | D:3      | Noticed Robin
  2529 | D:3      | Killed Robin
  2530 | D:3      | Reached XP level 4. HP: 26/26 MP: 4/11
  3180 | D:3      | HP: 1/26 [goblin/+0 club (2)]
  3182 | D:3      | Slain by a goblin

Illustrated notes

Levels and vault maps discovered:
D:1:      dpeg_cavernosity, layout_basic,
          shapermc_ecumenical_altar_mp_highgroup, minivault_25,
          amcnicky_mini_pool_small, serial_bayou_ford_a
D:2:      cheibrodos_helix_gallery, layout_basic, basic_altar
D:3:      kennysheep_the_goblin_king, layout_loops_cross, uniq_robin

Skill      XL: |  1  2  3  4 |
---------------+-------------+-----
Fighting       | 1 2 |  2.0
Stealth        | 3 |  3.5
Dodging        | |  2.4
Spellcasting   | |  3.9
Conjurations   | |  1.1
Fire Magic     | |  3.8

Action                   |  1- 3 |  4- 6 || total
-------------------------+-------+-------++-------
Melee: Unarmed           |     2 |     2 ||     4
 Cast: Foxfire           |   129 |    46 ||   175
Invok: Divine Shield     |       |     1 ||     1
  Use: Potion            |     3 |     1 ||     4
       Scroll            |       |     3 ||     3
Armor: Robe              |     6 |     6 ||    12
Dodge: Dodged            |    18 |    21 ||    39
Block: Other             |       |     3 ||     3

Table legend: (Time is in decaauts)
 A = Elapsed time spent in this place.
 B = Non-inter-level travel time spent in this place.
 C = Inter-level travel time spent in this place.
 D = Time resting spent in this place.
 E = Time spent auto-exploring this place.
 F = Levels seen in this place.
 G = Mean time per level.
                   A        B        C        D        E       F      G
               +--------+--------+--------+--------+--------+-----+--------+
         Total |   3185 |   3164 |     21 |      0 |   2734 |   3 | 1061.7 |
       Dungeon |   3185 |   3164 |     21 |      0 |   2734 |   3 | 1061.7 |
               +--------+--------+--------+--------+--------+-----+--------+

Top non-repeatable levels by time:
     D:2: 1324 daAuts
     D:1: 1195 daAuts
     D:3: 665 daAuts
